 Dungeon Crawl Stone Soup version 0.29.1-1-gd02db6906a (console) character file.

Game seed: 12094819447444423370

14707 om the Spear-Bearer (level 12, -1/97 HPs)
             Began as a Merfolk Berserker on Oct 3, 2022.
             Was an Elder of Trog.
             Slain by an orc knight
             ... wielding a +0 long sword
              (12 damage)
             ... on level 12 of the Dungeon on Oct 4, 2022.
             The game lasted 00:37:25 (17942 turns).

om the Spear-Bearer (Merfolk Berserker)            Turns: 17942, Time: 00:37:25

Health: -1/97      AC: 13    Str: 21    XL:     12   Next: 19%
Magic:  12/12      EV: 15    Int:  7    God:    Trog [****..]
Gold:   553        SH:  8    Dex: 14    Spells: 11/11 levels left

rFire   + . .      SeeInvis .   D - +1 trident (vamp)
rCold   . . .      Faith    .   j - +2 buckler
rNeg    . . .      Spirit   .   H - +0 swamp dragon scales
rPois   +          Reflect  .   h - +0 helmet
rElec   .          Harm     .   v - +2 cloak
rCorr   .          Rampage  .   (no gloves)
Will    .....                   (no boots)
Stlth   +.........              (no amulet)
HPRegen 0.26/turn               s - ring of protection from fire
MPRegen 0.13/turn               (no ring)

@: on berserk cooldown, slowed, very slow
A: (nimble swimmer 2), mertail
a: Renounce Religion, Berserk, Trog's Hand, Brothers in Arms


You were on level 12 of the Dungeon.
You worshipped Trog.
Trog was greatly pleased with you.
You visited 1 branch of the dungeon, and saw 12 of its levels.
You also visited: Sewer.

You collected 733 gold pieces.
You spent 180 gold pieces at shops.

Inventory:

Hand Weapons
 D - a +1 vampiric trident (weapon)
Armour
 h - a +0 helmet (worn)
 j - a +2 buckler (worn)
 o - a +2 chain mail of cold resistance
 v - a +2 cloak (worn)
 C - a scarf of repulsion
 H - +0 swamp dragon scales (worn)
Jewellery
 a - a ring of magical power
 s - a ring of protection from fire (left hand)
 y - a ring of ice
Wands
 f - a wand of roots (7)
 G - a wand of light (9)
Scrolls
 g - 4 scrolls of teleportation
 k - a scroll of blinking
 l - a scroll of brand weapon
 m - 2 scrolls of fear
 n - a scroll of enchant weapon
 p - 2 scrolls of enchant armour
 t - a scroll of torment
 x - 2 scrolls of magic mapping
 z - 2 scrolls of fog
 A - a scroll of summoning
 B - a scroll of poison
Potions
 b - 6 potions of curing
 c - 3 potions of flight
 d - 3 potions of heal wounds
 e - 4 potions of might
 i - 4 potions of resistance
 r - 2 potions of berserk rage
 w - 4 potions of lignification
 E - a potion of haste
Miscellaneous
 q - a piece from Xom's chessboard (15/15)


   Skills:
 - Level 10.0 Fighting
 - Level 12.0 Polearms
 + Level 6.4 Armour
 + Level 10.8 Dodging
 * Level 9.3 Shields
 - Level 4.0 Evocations


You had 11 spell levels left.
You didn't know any spells.
Your spell library was empty.

Dungeon Overview and Level Annotations

Branches:
Dungeon (12/15)            Temple (0/1) D:6            Lair (0/5) D:10
    Orc (0/2) D:11          Sewer (visited)

Altars:
Elyvilon
Ru
Vehumet

Shops:
D:1 *   D:11 [?((


Innate Abilities, Weirdness & Mutations

((You are very nimble when in or above water. (Stealth+, EV+, Speed+++)))
Your lower body shifts to a powerful aquatic tail in water.


Message History

The orc knight hits you with a +0 long sword!!
* * * LOW HITPOINT WARNING * * *
An orc priest comes into view. It is wielding a +0 hand axe.
The orc warrior completely misses you.
Things that are here:
a +0 falchion; a scroll of poison
Okay, then.
Blink to where?
Press: ? - help, Dir - move target
As you read the scroll of blinking, it crumbles to dust.
The howler monkey hoots and howls with incredible vigour!
You hear a shout!
You hear an angry buzzing noise. x2; You hear a shout!
The air fills with toxic fumes!
As you read the scroll of poison, it crumbles to dust.
The orc knight roars a battlecry!
The orc priest goes into a battle-frenzy!
There is an open door here.
You see here a +0 flail.
The orc knight is engulfed in poison gas.
The orc knight looks even sicker.
The orc knight attacks as you move away!
The orc knight hits you with a +0 long sword!
* * * LOW HITPOINT WARNING * * *
A cyclops opens the door.
The orc knight looks even sicker.
A cyclops comes into view.
The orc knight is engulfed in poison gas.
The orc knight looks as sick as possible!
The orc knight is engulfed in poison gas.
The orc knight looks as sick as possible!
The orc knight misses you.
Aiming: Bolt of Light
Press: ? - help, Shift-Dir - straight line, f - orc knight
Aim: an orc knight, wielding a +0 long sword and wearing a +0 plate armour (poison gas, moderately wounded, extremely poisoned, 74% to hit)
The bolt of light hits the orc knight!
The orc knight is moderately wounded.
The orc knight is blinded.
The orc knight is engulfed in poison gas.
The orc knight looks as sick as possible!
The orc knight hits you with a +0 long sword!
You die...

###.#.# #+# ..
#####.#.# #.....#.#
#.#####.# #.# #.#
#.# #.. #.# ### #
#.#####○# .#
#....@o○########..#
#######§##..)......
####)##o.).o....
#...)).)........
#....)..).......
#...............
#......#C#####..
#......#.# .
#......#


You could see an orc knight (blind, extremely poisoned).

Vanquished Creatures
  5 two-headed ogres
  Pikel (D:5)
  A gargoyle (D:12)
  Maggie (D:9)
  A troll (D:11)
  Prince Ribbit (D:7)
  2 hornets (D:9)
  A slime creature (D:7)
  A wraith (D:11)
  A vampire (D:11)
  21 yaks
  2 shadows
  Menkaure (D:7)
  3 steam dragons (D:8)
  3 acid dragons
  A water moccasin (D:7)
  5 black bears
  An ice beast (D:7)
  An ogre (D:5)
  8 orc warriors
  9 centaurs
  3 kobold brigands
  A phantom (D:5)
  3 bullfrogs
  A gnoll sergeant (D:6)
  A necrophage (D:7)
  6 scorpions
  10 wights
  9 killer bees
  3 howler monkeys
  2 hounds (D:5)
  A jelly (D:7)
  7 orc priests
  A gnoll bouda (D:6)
  3 iguanas
  18 orc wizards
  4 gnolls (D:6)
  12 adders
  4 river rats (Sewer)
  2 shadow imps (D:5)
  3 white imps (D:7)
  2 ufetubi
  4 worms
  3 dart slugs
  41 orcs
  13 ball pythons
  7 endoplasms
  2 giant cockroaches
  7 goblins
  10 hobgoblins
  2 jackals (D:5)
  20 kobolds
  5 quokkas
  9 bats
  3 frilled lizards
  37 rats
329 creatures vanquished.

Vanquished Creatures (others)
  An orc warrior (D:12)
  22 plants
23 creatures vanquished.

Grand Total: 352 creatures vanquished

Notes
Turn   | Place    | Note
-------+----------+-------------------------------------------
     0 | D:1      | om the Merfolk Berserker began the quest for the Orb.
     0 | D:1      | Reached XP level 1. HP: 18/18 MP: 1/1
   131 | D:1      | Reached XP level 2. HP: 23/24 MP: 2/2
   252 | D:1      | Found a faded altar of an unknown god.
   417 | D:1      | Found Ciecoats's Assorted Antiques.
   805 | D:1      | Reached XP level 3. HP: 17/29 MP: 3/3
  1307 | D:1      | Bought a scroll labelled ERAQEYMACS for 17 gold pieces
  1635 | D:2      | Reached ** piety under Trog
  1673 | D:2      | Reached skill level 5 in Polearms
  1887 | D:1      | Bought a scroll labelled LOAL RUNAGHUT for 17 gold pieces
  1887 | D:1      | Bought a scroll labelled SUOMOW XIOCRI for 17 gold pieces
  2057 | D:2      | Reached XP level 4. HP: 33/37 MP: 4/4
  2392 | D:1      | Bought a scroll labelled VUHEW JOUM for 17 gold pieces
  2705 | D:3      | Found a glowing drain.
  2733 | Sewer    | Entered a sewer
  2966 | Sewer    | Reached XP level 5. HP: 25/42 MP: 5/5
  3125 | Sewer    | Reached *** piety under Trog
  3197 | Sewer    | Reached skill level 6 in Polearms
  3403 | Sewer    | Reached XP level 6. HP: 48/48 MP: 6/6
  3797 | D:3      | Found a radiant altar of Vehumet.
  4018 | D:4      | Reached **** piety under Trog
  4134 | D:4      | Reached XP level 7. HP: 47/54 MP: 7/7
  4305 | D:4      | Reached skill level 7 in Polearms
  4831 | D:4      | Reached skill level 1 in Shields
  4854 | D:4      | Reached skill level 8 in Polearms
  5000 | D:4      | Found a white marble altar of Elyvilon.
  5001 | D:4      | Found a sacrificial altar of Ru.
  5229 | D:5      | Entered Level 5 of the Dungeon
  5446 | D:5      | Reached XP level 8. HP: 42/60 MP: 8/8
  5838 | D:5      | Noticed Pikel
  5860 | D:5      | Killed Pikel
  5861 | D:5      | Reached skill level 5 in Fighting
  5861 | D:5      | Reached skill level 9 in Polearms
  5861 | D:5      | Reached skill level 5 in Armour
  6335 | D:5      | Reached XP level 9. HP: 67/68 MP: 9/9
  6874 | D:6      | Reached skill level 10 in Polearms
  7338 | D:6      | Found a staircase to the Ecumenical Temple.
  7783 | D:7      | Reached skill level 5 in Shields
  8272 | D:7      | Noticed Menkaure
  8286 | D:7      | Killed Menkaure
  8629 | D:7      | Noticed Prince Ribbit
  8654 | D:7      | Reached skill level 11 in Polearms
  8671 | D:7      | Killed Prince Ribbit
  8672 | D:7      | Reached XP level 10. HP: 36/76 MP: 10/10
  8998 | D:7      | Reached skill level 12 in Polearms
  8998 | D:7      | Reached skill level 1 in Evocations
 10416 | D:8      | Reached skill level 5 in Dodging
 12839 | D:9      | Noticed Maggie
 12849 | D:9      | Killed Maggie
 12850 | D:9      | Reached XP level 11. HP: 84/84 MP: 11/11
 13780 | D:10     | Entered Level 10 of the Dungeon
 13804 | D:9      | Reached skill level 10 in Dodging
 14019 | D:10     | Noticed a two-headed ogre
 14035 | D:10     | Killed a two-headed ogre
 14992 | D:10     | Noticed a two-headed ogre
 15003 | D:10     | Killed a two-headed ogre
 15351 | D:10     | Found a staircase to the Lair.
 15505 | D:10     | Noticed a two-headed ogre
 15517 | D:10     | Killed a two-headed ogre
 15768 | D:10     | Noticed a two-headed ogre
 15776 | D:10     | Killed a two-headed ogre
 16079 | D:11     | Reached skill level 10 in Fighting
 16127 | D:11     | Found Uzaqoryo's Weapon Boutique.
 16135 | D:11     | Noticed a two-headed ogre
 16144 | D:11     | Killed a two-headed ogre
 16431 | D:11     | Found a staircase to the Orcish Mines.
 16698 | D:11     | Found Ritah's Magic Scroll Emporium.
 16706 | D:11     | Bought a scroll of fear for 56 gold pieces
 16706 | D:11     | Bought a scroll of identify for 28 gold pieces
 16707 | D:11     | Bought a scroll of identify for 28 gold pieces
 16755 | D:11     | Reached XP level 12. HP: 88/97 MP: 12/12
 17096 | D:11     | Found Udghoypt's Antique Weapon Emporium.
 17239 | D:11     | Found Assipattle's Dragon-Slaying Spoils.
 17942 | D:12     | Slain by an orc knight

Illustrated notes

Levels and vault maps discovered:
D:1:      minmay_arrival_open_corners, layout_basic,
          ebering_ecumenical_altar_hall, serial_shops, shop,
          minmay_misc_feat_tiny, chequers_serial_rivers_small_3
D:2:      layout_loops_ring, nicolae_titane
D:3:      layout_basic, vehumet_crystals, cheibrodos_sewer_entry_bend
D:4:      layout_gridville, gammafunk_temple_overflow_statue, serial_bayou,
          serial_bayou_crossing, serial_bayou_pond_e, serial_bayou_lake_a,
          serial_bayou_pond_e, serial_bayou_shore_b, serial_bayou_pond_c
D:5:      layout_cave_pods, hellmonk_bongcloud_opening, uniq_pikel
D:6:      layout_cave_pods, temple_pool_b, nicolae_grassy_gnolls
D:7:      layout_cave_pools, chequers_serial_rivers_small_b,
          minmay_manual_macuahuitl, uniq_prince_ribbit1, uniq_menkaure
D:8:      layout_layer_cave
D:9:      layout_basic, uniq_maggie
D:10:     layout_grid_maze, lair_entry_dummy
D:11:     layout_grid_maze, david_orc_2, serial_shops, shop_statue,
          nicolae_square_shop, shop, nicolae_shop_dragon_depot, st_stairs_5
D:12:     layout_basic, nicolae_trove_entry_diagonal, special_room
          [special_room_orc], nicolae_ru_path_of_blood, uniq_fannar

Skill      XL: |  1  2  3  4  5  6  7  8  9 10 11 12 |
---------------+-------------------------------------+-----
Dodging        | 3 4 9 10 | 10.8
Polearms       | 5 6 8 9 11 12 | 12.0
Armour         | 2 3 4 5 6 |  6.4
Fighting       | 4 5 6 7 10 | 10.0
Shields        | 3 4 6 8 9 |  9.3
Evocations     | 4 |  4.0

Action                   |  1- 3 |  4- 6 |  7- 9 | 10-12 || total
-------------------------+-------+-------+-------+-------++-------
Melee: Spear             |   127 |   277 |   107 |       ||   511
       Tailslap          |       |    13 |     3 |       ||    16
       Punch             |       |     3 |       |       ||     3
       Trident           |       |       |   318 |   750 ||  1068
Invok: Berserk           |     1 |     1 |    10 |    20 ||    32
Evoke: Wand              |       |       |       |     3 ||     3
  Use: Scroll            |     6 |     4 |     8 |    10 ||    28
       Potion            |       |     1 |       |     4 ||     5
 Stab: Sleeping          |     1 |       |       |       ||     1
Armor: Animal skin       |    17 |     2 |       |       ||    19
       Ring mail         |       |    69 |   170 |    66 ||   305
       Swamp dragon scal |       |       |       |   133 ||   133
Dodge: Dodged            |    57 |   146 |   204 |   353 ||   760
Block: Buckler           |       |       |   108 |   259 ||   367
